 Dungeon Crawl Stone Soup version 0.18.1-6-gd335043 (webtiles) character file.

102 manyhoops the Chopper (level 4, 0/34 HPs)
             Began as a Demonspawn Gladiator on May 18, 2016.
             Killed from afar by an orc wizard (6 damage)
             ... with a puff of flame
             ... on level 3 of the Dungeon.
             The game lasted 00:03:15 (2269 turns).

manyhoops the Chopper (Demonspawn Gladiator)        Turns: 2269, Time: 00:03:16

Health: 0/34       AC: 12    Str: 16    XL:     4   Next: 50%
Magic:  4/4        EV:  6    Int:  9    God:
Gold:   89         SH:  0    Dex: 14    Spells: 1 memorised, 1 level left

rFire  . . .     SeeInvis .     a - +0 war axe
rCold  . . .     Gourm    .     n - +0 plate armour
rNeg   . . .     Faith    .     (no shield)
rPois  .         Spirit   .     c - +0 helmet
rElec  .         Dismiss  .     (no cloak)
rCorr  .         Reflect  .     s - +0 pair of gloves
SustAt .         Harm     .     (no boots)
MR     .....                    (no amulet)
Stlth  ..........               (no ring)
                                q - ring of flight

@: very slightly contaminated, not resistant to hostile enchantments, extremely
unstealthy
A: sturdy frame 1
a: Evoke Flight


You were on level 3 of the Dungeon.
You were hungry.

You visited 1 branch of the dungeon, and saw 3 of its levels.

You collected 89 gold pieces.

Inventory:

Hand Weapons
 a - a +0 war axe (weapon)
Missiles
 d - 3 throwing nets (quivered)
Armour
 c - a +0 helmet (worn)
 n - a +0 plate armour (worn)
 s - a +0 pair of gloves (worn)
Jewellery
 q - a ring of flight (left hand)
Wands
 A - a wand of paralysis (24/24)
Scrolls
 i - a scroll of enchant armour {unknown}
 l - a scroll of teleportation {unknown}
 u - a scroll of noise {unknown}
 w - a scroll of enchant weapon {unknown}
 y - a scroll of identify {unknown}
 z - a scroll of fog {unknown}
Potions
 j - a potion of lignification {unknown}
 m - a potion of degeneration {unknown}
 o - a potion of curing {unknown}
 r - a potion of heal wounds {unknown}
 t - 2 potions of resistance {unknown}
 x - a potion of brilliance {unknown}
Books
 b - a book of Minor Magic

   Spells                             Type                      Level
   a - Magic Dart                     Conjuration                  1
   b - Blink                          Translocation                2
   c - Call Imp                       Summoning                    2
   d - Repel Missiles                 Charms/Air                   2
   e - Slow                           Hexes                        2
   f - Conjure Flame                  Conjuration/Fire             3
   g - Mephitic Cloud                 Conjuration/Poison/Air       3
Comestibles
 f - 2 bread rations
 g - a meat ration
 k - a slice of pizza
 p - 4 fruits


   Skills:
 + Level 2.7 Fighting
 + Level 4.2 Axes
 - Level 1.7 Throwing
 + Level 1.2 Armour
 - Level 2.6 Dodging


You had one spell level left.
You knew the following spells:

 Your Spells              Type           Power        Failure   Level  Hunger
a - Blink                 Tloc           N/A          100%        2    ###....


Dungeon Overview and Level Annotations

Branches:
Dungeon (3/15)

Altars:
Ru


Innate Abilities, Weirdness & Mutations

Your movements are slightly less encumbered by armour (ER -2).


Message History

You hear some strange, mumbled words.
The orc warrior barely misses you. Something hits you but does no damage.
As you read the scroll labeled RAPTEZ ZOBASMO, it crumbles to dust.
It is a scroll of recharging.
Charge which item? (? for menu, Esc to quit)
Your wand of paralysis glows for a moment.
Something hits you but does no damage. The giant cockroach barely misses you.
The orc warrior hits you but does no damage.
Blink to where?
Press: ? - help, Dir - move target cursor You are very lightly contaminated with residual magic.
As you read the scroll labeled ECU IWEMNENEW, it crumbles to dust.
It was a scroll of blinking.
A puff of frost appears from out of thin air!
The puff of frost hits you!
* * * LOW HITPOINT WARNING * * *
Unknown command.
A puff of flame appears from out of thin air!
The puff of flame hits you!
You die...

###############
#.....##......#
##....o##...r..###
.).....o.......†.#
##.....##......#r#
#.....##..s...#.#
#.....##......#.#
#.....#########.#
#.....# #@# #######
#.# #.#
##.################
#..................
###################


You could see a quokka.

Vanquished Creatures
  4 adders
  A worm (D:3)
  2 dart slugs
  4 giant geckos
  3 orcs (D:3)
  10 bats
  A giant cockroach (D:1)
  7 goblins
  5 hobgoblins
  7 kobolds
  2 quokkas
  2 giant newts (D:2)
  6 rats
54 creatures vanquished.

Notes
Turn   | Place    | Note
--------------------------------------------------------------
     0 | D:1      | manyhoops the Demonspawn Gladiator began the quest for the Orb.
     0 | D:1      | Reached XP level 1. HP: 16/16 MP: 1/1
    97 | D:1      | Reached skill level 3 in Axes
   119 | D:1      | Gained mutation: Your movements are slightly less encumbered by armour (ER -2). [demonic ancestry]
   119 | D:1      | Reached XP level 2. HP: 12/22 MP: 2/2
  1064 | D:2      | Reached XP level 3. HP: 28/28 MP: 3/3
  1422 | D:2      | Learned a level 2 spell: Blink
  1469 | D:2      | Found a sacrificial altar of Ru.
  1993 | D:3      | Reached skill level 4 in Axes
  2012 | D:3      | Reached XP level 4. HP: 34/34 MP: 4/4
  2079 | D:3      | Reached skill level 1 in Armour
  2241 | D:3      | Noticed an orc warrior
  2269 | D:3      | Killed from afar by an orc wizard

Skill      XL: |  1  2  3  4 |
---------------+-------------+-----
Axes           | 3 4 |  4.2
Armour         | 1 |  1.2
Fighting       | |  2.7
Throwing       | |  1.7
Dodging        | |  2.6

Action                   |  1- 3 |  4- 6 || total
-------------------------+-------+-------++-------
Melee: War axe           |   120 |    48 ||   168
  Use: Scroll            |       |     2 ||     2
  Eat: Chunk             |     3 |     1 ||     4
Armor: Leather armour    |    25 |       ||    25
       Plate armour      |    49 |    50 ||    99
Dodge: Dodged            |    83 |     8 ||    91
